 Dungeon Crawl Stone Soup version 0.14-a0-1721-g84c87b2 (webtiles) character file.

347 Piginabag the Insei (level 5, 36/41 HPs)
             Began as a Demonspawn Monk on Jan 3, 2014.
             Quit the game on Level 3 of the Dungeon.
             The game lasted 00:09:43 (3325 turns).

Piginabag the Insei (Demonspawn Monk)               Turns: 3325, Time: 00:09:43

HP  36/41        AC  8     Str 11      XL: 5   Next: 65%
MP   5/5         EV  4     Int 11      God:
Gold 126         SH  0     Dex 17      Spells:  0 memorised,  4 levels left

rFire  . . .     SeeInvis .       - Unarmed
rCold  . . .     Clarity  .     i - +0 chain mail
rNeg   + . .     Conserve .     (no shield)
rPois  .         rCorr    .     (helmet restricted)
rElec  .         rRot     .     (no cloak)
SustAb . .       Spirit   .     (no gloves)
rMut   .         Warding  .     (no boots)
Saprov . . .     Stasis   .     (no amulet)
                                (no ring)
                                l - ring of positive energy

@: slightly resistant to hostile enchantments, extremely unstealthy
A: antennae 1, claws 1, demonic guardian 1
a: no special abilities


You were on level 3 of the Dungeon.
You were not hungry.

You visited 1 branch of the dungeon, and saw 3 of its levels.

You collected 126 gold pieces.

Inventory:

Armour
 a - a +0 robe
 i - a +0 chain mail (worn)
Comestibles
 b - 3 bread rations
 f - 2 meat rations
 n - a pear
 s - a rotting chunk of worm flesh
Scrolls
 c - a scroll of recharging {unknown}
 e - 2 scrolls of identify
 g - a scroll of fog {unknown}
 h - 2 scrolls of enchant weapon I
 j - a scroll of curse weapon {unknown}
 k - a scroll of curse jewellery {unknown}
 m - a scroll of remove curse {unknown}
 q - a scroll of noise {unknown}
Jewellery
 l - a ring of positive energy (left claw)
Potions
 d - a potion of beneficial mutation {unknown}
 o - a potion of curing
 p - 2 potions of might {unknown}
 r - a potion of lignification {unknown}


   Skills:
 + Level 3.3 Fighting
 + Level 1.9 Armour
 + Level 4.1 Dodging
 + Level 2.2 Stealth
 + Level 4.6 Unarmed Combat


You had 4 spell levels left.
You didn't know any spells.

Dungeon Overview and Level Annotations

Branches:
Dungeon (3/16)

Altars:

Annotations:
D:2 Sigmund


Innate Abilities, Weirdness & Mutations

You have a pair of small antennae on your head.
You have sharp fingernails.
A weak demonic guardian rushes to your aid.


Message History

Your ufetubus closely misses Grinder.
Your ufetubus completely misses Grinder.
Grinder gestures.
Grinder blinks!
There is an open door here.
Grinder gestures.
Grinder blinks!
Grinder gestures.
Grinder blinks!
There is an open door here.
You hit Grinder.
You kill Grinder!
Your Armour skill increases to level 1!
Your Dodging skill increases to level 4!
You have reached level 5!
Your demonic ancestry asserts itself...
A pair of antennae grows on your head!
Are you sure you want to abandon this character and quit the game? (Confirm with "yes".)
Okay, then.
Are you sure you want to abandon this character and quit the game? (Confirm with "yes".)

#.# #.......# #.##
###.##### #..# #%..##
##.# ###..# #.#
#######>####
####'######..........####
#.......#....5...........
#....<..#.#%.........#...
#.....5.@.#..........##..
#.......###..........##..
####'#### ######.######..
#..# ##.# ### #.## #..# #
#.# #.## # #.# #.# ###'##
#.# #....# ####'######


You could see a friendly ufetubus.

Vanquished Creatures
  Grinder (D:3)
  3 adders (D:2)
  A giant mite (D:1)
  An inept item mimic (D:2)
  A worm (D:3)
  A ball python (D:3)
  A giant cockroach (D:3)
  8 goblins
  8 hobgoblins
  An ooze (D:3)
  A quokka (D:3)
  14 bats
  3 giant newts (D:1)
  4 jackals (D:3)
  5 kobolds
  6 rats
59 creatures vanquished.

Vanquished Creatures (others)
  An iron imp (D:3)
  A white imp (D:3)
2 creatures vanquished.

Grand Total: 61 creatures vanquished

Notes
Turn   | Place    | Note
--------------------------------------------------------------
     0 | D:1      | Piginabag, the Demonspawn Monk, began the quest for the Orb.
     0 | D:1      | Reached XP level 1. HP: 18/18 MP: 1/1
   397 | D:1      | Gained mutation: You have sharp fingernails. [demonic ancestry]
   397 | D:1      | Reached XP level 2. HP: 10/24 MP: 2/2
   577 | D:1      | Reached skill level 4 in Unarmed Combat
  1319 | D:2      | Reached XP level 3. HP: 15/29 MP: 3/3
  1746 | D:2      | Noticed Sigmund
  2459 | D:3      | Gained mutation: A weak demonic guardian rushes to your aid. [demonic ancestry]
  2459 | D:3      | Reached XP level 4. HP: 28/35 MP: 4/4
  3246 | D:3      | Noticed Grinder
  3247 | D:3      | Paralysed by Grinder for 6 turns
  3267 | D:3      | Paralysed by Grinder for 3 turns
  3314 | D:3      | Paralysed by Grinder for 5 turns
  3324 | D:3      | Killed Grinder
  3324 | D:3      | Reached skill level 1 in Armour
  3324 | D:3      | Gained mutation: You have a pair of small antennae on your head. [demonic ancestry]
  3324 | D:3      | Reached XP level 5. HP: 36/41 MP: 5/5
  3325 | D:3      | Quit the game

Action                   |  1- 3 |  4- 6 || total
-------------------------+-------+-------++-------
Melee: Unarmed           |   190 |    70 ||   260
  Use: Potion            |     3 |       ||     3
       Scroll            |     2 |       ||     2
 Stab: Sleeping          |     2 |       ||     2
